 Dungeon Crawl Stone Soup version 0.29-a0-362-g5854e031c7 (webtiles) character file.

Game seed: 11020270067458154827

55 thiscave3701365 the Skirmisher (level 3, -4/61 HPs)
             Began as an Ogre Berserker on Apr 29, 2022.
             Was a Follower of Trog.
             Slain by a worm (10 damage)
             ... on level 3 of the Dungeon.
             The game lasted 00:01:22 (1729 turns).

thiscave3701365 the Skirmisher (Ogre Berserker)     Turns: 1729, Time: 00:01:22

Health: -4/61      AC:  3    Str: 23    XL:     3   Next: 93%
Magic:  3/3        EV: 10    Int:  8    God:    Trog [*.....]
Gold:   80         SH:  0    Dex:  8    Spells: 2/2 levels left

rFire   . . .      SeeInvis .   a - +0 hand axe
rCold   . . .      Faith    .   (no shield)
rNeg    . . .      Spirit   .   j - +0 robe
rPois   .          Reflect  .   (helmet restricted)
rElec   .          Harm     .   (no cloak)
rCorr   .          Rampage  .   (gloves unavailable)
Will    .....                   (boots unavailable)
Stlth   ..........              (no amulet)
HPRegen 0.20/turn               (no ring)
MPRegen 0.08/turn               (no ring)

@: berserking, very quick
A: large, unfitting armour, tough skin 1
a: Renounce Religion, Berserk


You were on level 3 of the Dungeon.
You worshipped Trog.
Trog was aware of your devotion.
You visited 1 branch of the dungeon, and saw 3 of its levels.

You collected 80 gold pieces.

Inventory:

Hand Weapons
 a - a +0 hand axe (weapon)
Armour
 j - a +0 robe (worn)
Jewellery
 i - a ring of protection from cold
Scrolls
 b - a scroll of summoning {unknown}
 d - 2 scrolls of identify {unknown}
 e - a scroll of blinking {unknown}
 f - a scroll of amnesia {unknown}
 k - a scroll of vulnerability {unknown}
Potions
 c - a potion of heal wounds {unknown}
 g - a potion of flight {unknown}
 h - 2 potions of haste {unknown}


   Skills:
 + Level 4.8 Fighting
 + Level 3.6 Axes
 + Level 3.2 Dodging


You had 2 spell levels left.
You didn't know any spells.
Your spell library was empty.

Dungeon Overview and Level Annotations

Branches:
Dungeon (2/15)

Altars:


Innate Abilities, Weirdness & Mutations

You are too large for most types of armour.
You have tough skin. (AC +1)


Message History

The orc is moderately wounded.
The orc hits you with a +0 war axe.
There are monsters nearby!
You hit the orc.
You kill the orc!
Trog accepts your kill.
Unknown command.
There are monsters nearby!
You closely miss the orc.
A red film seems to cover your vision as you go berserk!
You feel yourself moving faster!
You feel mighty!
The orc priest calls down the wrath of Beogh upon you.
Pain shoots through your body! The orc barely misses you.
You are too injured to fight recklessly!
Unknown command.
You are too injured to fight recklessly!
Unknown command.
You are too injured to fight recklessly!
You are too injured to fight recklessly!
Unknown command.
You are too injured to fight recklessly!
You slash the orc!
You kill the orc!
Trog accepts your kill.
The orc priest mumbles some strange prayers to Beogh against you.
Pain shoots through your body!
* * * LOW HITPOINT WARNING * * *
Items here: ( )) ? ††.
You closely miss the orc priest.
The orc priest hits you with a +2 flail of protection!
* * * LOW HITPOINT WARNING * * *
You hit the orc priest.
The orc priest is lightly wounded.
You slash the orc priest!
The orc priest is severely wounded.
You hit the worm. The orc priest barely misses you.
You barely miss the orc priest.
The orc priest is severely wounded.
You slash the worm! The orc priest barely misses you. The worm bites you!
You die...

### #.## #... #### #.##
...## #... # ##..##
######## ###.#8!.8##
##....... ..........##
#........
......>@...#####....†...
....#8wo8#..............
. ##..##...†.....#####
.....#.........#
.......########.###
........+.....^....#
........####.#######
........#


You could see a worm and an orc priest.

Vanquished Creatures
  A gnoll (D:1)
  An adder (D:2)
  2 orcs (D:3)
  2 ball pythons
  3 bats
  4 endoplasms
  2 giant cockroaches (D:1)
  4 goblins
  3 hobgoblins (D:1)
  2 kobolds
  A quokka (D:1)
  2 frilled lizards
  3 rats
30 creatures vanquished.

Vanquished Creatures (others)
  2 fungi (D:1)
2 creatures vanquished.

Grand Total: 32 creatures vanquished

Notes
Turn   | Place    | Note
-------+----------+-------------------------------------------
     0 | D:1      | thiscave3701365 the Ogre Berserker began the quest for the
                  | Orb.
     0 | D:1      | Reached XP level 1. HP: 24/24 MP: 1/1
   127 | D:1      | Reached XP level 2. HP: 29/32 MP: 2/2
   886 | D:1      | Reached XP level 3. HP: 36/40 MP: 3/3
  1059 | D:1      | Found a faded altar of an unknown god.
  1607 | D:2      | You fall into a shaft and drop 1 floor!
  1729 | D:3      | Slain by a worm

Illustrated notes

Levels and vault maps discovered:
D:1:      saegor_arrival_simple_b, layout_loops_ring,
          shapermc_ecumenical_altar_mp_urbaneastern
D:2:      layout_loops_corners
D:3:      layout_basic, portal_sewer_entry_b, hangedman_glass_garden,
          hangedman_decor_clover_reticule, st_stairs_6, uniq_robin, uniq_grinder

Skill      XL: |  1  2 |
---------------+-------+-----
Dodging        | 3 |  3.2
Fighting       | |  4.8
Axes           | |  3.6

Action                   || total
-------------------------++-------
Melee: Hand axe          ||   114
       Punch             ||     1
Invok: Berserk           ||     1
Armor: Animal skin       ||    18
       Robe              ||    14
Dodge: Dodged            ||    54

Table legend: (Time is in decaauts)
 A = Elapsed time spent in this place.
 B = Non-inter-level travel time spent in this place.
 C = Inter-level travel time spent in this place.
 D = Time resting spent in this place.
 E = Time spent auto-exploring this place.
 F = Levels seen in this place.
 G = Mean time per level.
                   A        B        C        D        E       F      G
               +--------+--------+--------+--------+--------+-----+--------+
         Total |   1741 |   1665 |     76 |    412 |    999 |   3 |  580.3 |
       Dungeon |   1741 |   1665 |     76 |    412 |    999 |   3 |  580.3 |
               +--------+--------+--------+--------+--------+-----+--------+

Top non-repeatable levels by time:
     D:1: 1377 daAuts
     D:2: 241 daAuts
     D:3: 123 daAuts
